 Dungeon Crawl Stone Soup version 0.21.1-1-g345015fe64 (webtiles) character file.

42 LevaFresel the Vandal (level 3, 0/24 HPs)
             Began as a Halfling Hunter on June 3, 2018.
             Slain by a hobgoblin (4 damage)
             ... led by Robin
             ... on level 1 of the Dungeon.
             The game lasted 00:04:25 (840 turns).

LevaFresel the Vandal (Halfling Hunter)              Turns: 840, Time: 00:04:26

Health: 0/24       AC:  3    Str: 14    XL:     3   Next: 80%
Magic:  3/3        EV: 15    Int:  9    God:
Gold:   20         SH:  0    Dex: 14    Spells: 2/2 levels left

rFire    . . .     SeeInvis .   a - +1 hunting sling
rCold    . . .     Gourm    .   (shield restricted)
rNeg     . . .     Faith    .   c - +0 leather armour
rPois    .         Spirit   .   (no helmet)
rElec    .         Reflect  .   (no cloak)
rCorr    .         Harm     .   (no gloves)
MR       .....                  (no boots)
Stlth    ++........             (no amulet)
HPRegen  0.08/turn              (no ring)
MPRegen  0.08/turn              (no ring)

@: no status effects
A: small, mutation resistance 1
a: no special abilities


You were on level 1 of the Dungeon.
You were not hungry.

You visited 1 branch of the dungeon, and saw 2 of its levels.

You collected 20 gold pieces.

Inventory:

Hand Weapons
 a - a +1 hunting sling (weapon)
 b - a +0 short sword
 j - a +1 dagger of venom
Missiles
 d - 19 sling bullets
 e - 49 stones (quivered)
Armour
 c - a +0 leather armour (worn)
Jewellery
 h - a +4 ring of slaying {unknown}
Scrolls
 g - 2 scrolls of remove curse {unknown}
 i - a scroll of immolation {unknown}
 k - a scroll of fear {unknown}
 l - a scroll of fog {unknown}
 p - a scroll of magic mapping {unknown}
Potions
 m - a potion of invisibility {unknown}
 n - a potion of agility {unknown}
 o - a potion of cancellation {unknown}
Comestibles
 f - 5 rations


   Skills:
 + Level 2.3 Fighting
 + Level 1.0 Short Blades
 * Level 6.5 Slings
 + Level 2.5 Dodging
 + Level 1.7 Stealth


You had 2 spell levels left.
You didn't know any spells.

Dungeon Overview and Level Annotations

Branches:
Dungeon (2/15)

Altars:

Annotations:
D:2 Robin


Innate Abilities, Weirdness & Mutations

You are small and have problems with some larger weapons.
You are somewhat resistant to further mutation.


Message History

The hobgoblin misses you. The hobgoblin completely misses you.
The hobgoblin hits you. The goblin hits you. The kobold closely misses you.
The hobgoblin closely misses you.
You climb upwards.
There is a stone staircase leading down here.
Firing (i - inventory. (,) - cycle):
e - 51 stones (quivered)
Press: ? - help, Shift-Dir - straight line, f - goblin
Aim: a goblin You shoot a stone.
The stone hits the goblin.
The goblin is moderately wounded.
The hobgoblin misses you. The hobgoblin hits you with a club.
The hobgoblin misses you.
Firing (i - inventory. (,) - cycle):
e - 50 stones (quivered)
Press: ? - help, Shift-Dir - straight line, f/p - goblin
Aim: a goblin (moderately wounded)
You shoot a stone. The stone barely misses the goblin.
The goblin hits you.
* * * LOW HITPOINT WARNING * * *
The kobold misses you. The hobgoblin closely misses you.
The hobgoblin barely misses you. The hobgoblin hits you.
You die...

..............#..........#..##
.........####.#.#.######.#..#
######....#)...........(.#..#
# ####.#.##..##.#####.#### #
####.#......#...[.#.# #
#....###.#..#####.#.#### #
#.##.....#..# #.#....# #
#.##.##..#gg## ##.####.# #
#.##..#..#g@g# #.......#####
#.###.#...g#K######.........
#.# #.#.####...........#####
#.# #.#.####.#####..#.......
#.###.#...########..#...####
#.....#.............#...##.#
#######.###########.#..###..
#....# #....#..##.#
####.######.#..#.....#


You could see 4 hobgoblins, a goblin and a kobold.

Vanquished Creatures
  An adder (D:1)
  An ooze (D:1)
  2 dart slugs (D:1)
  2 giant cockroaches (D:1)
  5 goblins (D:1)
  2 hobgoblins (D:1)
  4 kobolds (D:1)
  3 bats (D:1)
  4 frilled lizards (D:1)
  3 rats (D:1)
27 creatures vanquished.

Notes
Turn   | Place    | Note
-------+----------+-------------------------------------------
     0 | D:1      | LevaFresel the Halfling Hunter began the quest for the Orb.
     0 | D:1      | Reached XP level 1. HP: 14/14 MP: 1/1
   172 | D:1      | Reached skill level 6 in Slings
   172 | D:1      | Reached XP level 2. HP: 19/19 MP: 2/2
   314 | D:1      | Reached XP level 3. HP: 24/24 MP: 3/3
   768 | D:2      | Noticed Robin
   791 | D:1      | Reached skill level 1 in Short Blades
   840 | D:1      | Slain by a hobgoblin

Skill      XL: |  1  2  3 |
---------------+----------+-----
Slings         | 6 |  6.5
Fighting       | 2 |  2.3
Short Blades   | 1 |  1.0
Dodging        | |  2.5
Stealth        | |  1.7

Action                   || total
-------------------------++-------
 Fire: Hunting sling     ||    68
Armor: Leather armour    ||     5
Dodge: Dodged            ||    31
